 Dungeon Crawl Stone Soup version 0.19-a0-28-g8794423 (webtiles) character file.

11 tyvek the Poker (level 2, -3/23 HPs)
             Began as a Merfolk Skald on May 1, 2016.
             Slain by a giant gecko (5 damage)
             ... on level 1 of the Dungeon.
             The game lasted 00:00:28 (247 turns).

tyvek the Poker (Merfolk Skald)                      Turns: 247, Time: 00:00:28

Health: -3/23      AC:  3    Str: 12    XL:     2   Next: 29%
Magic:  0/5        EV: 12    Int: 11    God:
Gold:   12         SH:  0    Dex: 13    Spells: 3 memorised, 0 levels left

rFire  . . .     SeeInvis .     a - +0 spear
rCold  . . .     Gourm    .     b - +0 leather armour
rNeg   . . .     Faith    .     (no shield)
rPois  .         Spirit   .     (no helmet)
rElec  .         Dismiss  .     (no cloak)
rCorr  .         Reflect  .     (no gloves)
SustAt .         Harm     .     (no boots)
MR     .....                    (no amulet)
Stlth  +.........               (no ring)
                                (no ring)

@: infused (expiring), not resistant to hostile enchantments, very unstealthy
A: change form in water, swift swim
a: no special abilities


You were on level 1 of the Dungeon.
You were not hungry.

You visited 1 branch of the dungeon, and saw 1 of its levels.

You collected 12 gold pieces.

Inventory:

Hand Weapons
 a - a +0 spear (weapon)
Armour
 b - a +0 leather armour (worn)
Books
 c - a book of Battle
Comestibles
 d - a bread ration {@e1}
 f - 2 chunks of flesh {@w0}


   Skills:
 + Level 2.3 Fighting
 * Level 3.5 Polearms
 - Level 0.6 Armour
 + Level 1.8 Dodging
 - Level 2.0 Spellcasting
 + Level 3.5 Charms


You couldn't memorise any spells.
You knew the following spells:

 Your Spells              Type           Power        Failure   Level  Hunger
a - Infusion              Chrm           #...         10%         1    ##.....
s - Shroud of Golubria    Chrm/Tloc      #.........   30%         2    ###....
S - Song of Slaying       Chrm           #.......     14%         2    ###....


Dungeon Overview and Level Annotations

Branches:
Dungeon (1/15)

Altars:


Message History

There is an open door here.
There is an open door here.
You open the door.
There is an open door here.
A goblin comes into view.
The goblin shouts!
Health restored: 17 A goblin is nearby!
A goblin is nearby!
A goblin is nearby!
A goblin is nearby!
Attack whom?
Aim: a goblin You reach to attack!
You hit the goblin. You hit the goblin.
You kill the goblin!
You have reached level 2!
Health restored: 23; MP restored: 5 Memorise Song of Slaying, consuming 2 spell levels and leaving 2? [Y]es or [N]o only, please.
Memorise Song of Slaying, consuming 2 spell levels and leaving 2?
You start memorising the spell.
You continue memorising. x2
You finish memorising.
Spell assigned to 'S'.
Memorise Shroud of Golubria, consuming 2 spell levels and leaving 0?
You start memorising the spell.
You continue memorising. x2
You finish memorising.
Spell assigned to 's'.
You now have 12 gold pieces.
A giant gecko comes into view.
A giant gecko is nearby!
A giant gecko is nearby!
A giant gecko is nearby!
A giant gecko comes into view.
Attack whom?
Aim: a giant gecko You reach to attack!
You hit the giant gecko. You completely miss the giant gecko.
The giant gecko bites you.
You take 2 damage, and have 21/23 hp.
You miss the giant gecko. The giant gecko bites you.
You take 4 damage, and have 17/23 hp.
You barely miss the giant gecko. The giant gecko bites you.
The giant gecko barely misses you. The giant gecko bites you.
You take 4 damage, and have 13/23 hp.
You are too injured to fight recklessly!
You begin infusing your attacks with magical energy.
The giant gecko bites you but does no damage.
The giant gecko barely misses you. The giant gecko bites you.
You take 4 damage, and have 9/23 hp.
You now have 4/5 mp.
Unknown command.
You are too injured to fight recklessly!
You are too injured to fight recklessly!
You are too injured to fight recklessly!
You closely miss the giant gecko. The giant gecko bites you.
The giant gecko closely misses you.
You hit the giant gecko. The giant gecko bites you.
The giant gecko bites you but does no damage.
You take 2 damage, and have 7/23 hp.
You now have 3/5 mp.
You closely miss the giant gecko.
The giant gecko bites you but does no damage.
The giant gecko misses you.
You hit the giant gecko.
You kill the giant gecko!
The giant gecko bites you but does no damage.
You now have 2/5 mp.
A giant gecko comes into view.
The giant gecko bites you.
* * * LOW HITPOINT WARNING * * *
The giant gecko bites you.
* * * LOW HITPOINT WARNING * * *
You see here a giant gecko corpse.
You take 3 damage, and have 4/23 hp.
You miss the giant gecko. The giant gecko closely misses you.
You closely miss the giant gecko. The giant gecko barely misses you.
You barely miss the giant gecko.
The giant gecko bites you but does no damage.
You barely miss the giant gecko. The giant gecko bites you.
* * * LOW HITPOINT WARNING * * *
You take 1 damage, and have 3/23 hp.
You hit the giant gecko. The giant gecko closely misses you.
The giant gecko barely misses you.
You now have 1/5 mp.
You hit the giant gecko.
You kill the giant gecko!
The giant gecko misses you.
You miss the giant gecko. The giant gecko bites you.
* * * LOW HITPOINT WARNING * * *
The giant gecko misses you.
You take 1 damage, and have 2/23 hp.
You closely miss the giant gecko.
Your magical infusion is running out.
The giant gecko bites you but does no damage.
You completely miss the giant gecko. The giant gecko bites you.
* * * LOW HITPOINT WARNING * * *
You take 1 damage, and have 1/23 hp.
You hit the giant gecko. The giant gecko closely misses you.
Some of the chunks of flesh in your inventory have rotted away.
You now have 0/5 mp.
You hit the giant gecko but do no damage.
The giant gecko completely misses you.
You hit the giant gecko. The giant gecko bites you.
You die...

######(###### #.## #
#....(†.....# ##.# ###
#≈≈≈.§...§≈≈# ###.##
..#####≈≈≈≈§§§#####..##
##...#####+#####...###
####...........####
######################
.................#...#...
.........#......@l.......
.........#.......†.......
.........#.........#...#.
.........#.......### ..#
.........###.##### .#
.........# #.# ..
.######### #.# . .# .#


You could see a giant gecko.

Vanquished Creatures
  2 giant geckos (D:1)
  3 goblins (D:1)
  2 hobgoblins (D:1)
  A kobold (D:1)
8 creatures vanquished.

Notes
Turn   | Place    | Note
--------------------------------------------------------------
     0 | D:1      | tyvek the Merfolk Skald began the quest for the Orb.
     0 | D:1      | Reached XP level 1. HP: 16/16 MP: 3/3
   190 | D:1      | Reached XP level 2. HP: 23/23 MP: 5/5
   194 | D:1      | Learned a level 2 spell: Song of Slaying
   197 | D:1      | Learned a level 2 spell: Shroud of Golubria
   234 | D:1      | HP: 5/23 [giant gecko (2)]
   241 | D:1      | HP: 2/23 [giant gecko (1)]
   247 | D:1      | Slain by a giant gecko

Vault maps used:
D:1:      dpeg_arrival_morbid_curiosity

Action                   || total
-------------------------++-------
Melee: Spear             ||    37
 Cast: Infusion          ||     1
Armor: Leather armour    ||     9
Dodge: Dodged            ||    21

Vault maps used:
D:1:      dpeg_arrival_morbid_curiosity

Table legend:
 A = Turns spent in this place as a percentage of turns spent in the entire game.
 B = Non-inter-level travel turns spent in this place as a percentage of non-inter-level travel turns spent in the entire game.
 C = Inter-level travel turns spent in this place as a percentage of turns spent in this place.
 D = Turns resting spent in this place as a percentage of non-inter-level travel turns spent in this place.
 E = Turns spent auto-exploring this place as a percentage of non-inter-level travel turns spent in this place.
 F = Non-inter-level travel turns spent in this place divided by the number of levels of this place that you've seen.
                   A       B       C       D       E      F
               +-------+-------+-------+-------+-------+----------------------
         Total | 100.0 | 100.0 |   0.0 |   0.0 |   9.1 |  88.0
       Dungeon | 100.0 | 100.0 |   0.0 |   0.0 |   9.1 |  88.0
               +-------+-------+-------+-------+-------+----------------------

Table legend:
 A = Kills in this place as a percentage of kills in entire the game.
 B = Kills by you in this place as a percentage of kills by you in the entire game.
 C = Kills by friends in this place as a percentage of kills by friends in the entire game.
 D = Other kills in this place as a percentage of other kills in the entire game.
 E = Experience gained in this place as a percentage of experience gained in the entire game.
 F = Experience gained in this place divided by the number of levels of this place that you have seen.
                   A       B       C       D       E      F
               +-------+-------+-------+-------+-------+----------------------
         Total | 100.0 | 100.0 |  -nan |  -nan | 100.0 |  17.0
       Dungeon | 100.0 | 100.0 |  -nan |  -nan | 100.0 |  17.0
               +-------+-------+-------+-------+-------+----------------------
